Map: Acropolis LE

Players

Probe

  • Race: Protoss Protoss
  • Spawn Location: 5:00

Hellraiser - Winner!

  • Race: Protoss Protoss
  • Spawn Location: 11:00

VOD

Have the link to the VOD?

Description

Time

  • Played on: Sept. 6, 2019, 6:20 p.m.
  • Length: 9:00
Show
View Real Time Build Order
Export as new Build Order

Probe Protoss 

Build Orders: Zealot Archon 

Get SALT Encoding   

  12  0:00  Probe  
  13  0:13  Probe  
  14  0:18  Pylon  
  14  0:23  Probe  
  15  0:32  Probe  
  15  0:39  Gateway  
  15  0:40  Probe  
  16  0:47  Assimilator  
  17  0:52  Probe  
  17  0:54  Assimilator  
  18  1:00  Probe  
  19  1:08  Gateway, Probe  
  19  1:18  Probe  
  21  1:26  Cybernetics Core  
  21  1:30  Probe  
  22  1:34  Pylon  
  22  1:42  Probe  
  23  1:54  Probe  
  24  2:04  Warp Gate, Stalker x2  
  24  2:06  Probe  
  29  2:10  Pylon  
  29  2:33  Stalker  
  29  2:34  Stalker  
  33  2:40  Probe  
  34  3:04  Probe, Sentry x2  
  39  3:11  Nexus  
  39  3:14  Pylon  
  38  3:23  Robotics Facility  
  38  3:25  Probe  
  39  3:35  Probe  
  39  3:38  Forge  
  40  3:43  Probe  
  41  3:52  Probe, Adept x2  
  46  4:04  Probe  
  46  4:09  Protoss Ground Weapons Level 1  
  47  4:16  Warp Prism  
  47  4:23  Probe x2  
  51  4:31  Probe  
  51  4:35  Probe  
  53  4:39  Probe  
  54  4:47  Probe  
  54  4:50  Probe  
  60  4:52  Immortal  
  60  4:59  Probe  
  61  5:00  Assimilator  
  61  5:02  Assimilator  
  61  5:03  Pylon, Probe  
  62  5:14  Pylon  
  62  5:19  Probe x2  
  62  5:21  Twilight Council  
  62  5:25  Adept x2  
  62  5:27  Probe x2  
  68  5:35  Observer  
  71  5:36  Probe  
  71  5:41  Pylon  
  72  5:47  Probe  
  73  5:50  Probe  
  73  5:56  Immortal  
  78  5:59  Probe, Protoss Ground Weapons Level 2  
  78  6:02  Pylon  
  79  6:05  Probe  
  79  6:06  Charge  
  79  6:09  Stalker  
  82  6:12  Pylon  
  82  6:14  Templar Archives  
  82  6:32  Gateway x2  
  82  6:35  Gateway  
  82  6:41  Immortal  
  82  6:45  Gateway  
  86  6:58  Gateway  
  86  6:59  Gateway  
  86  7:08  Nexus  
  86  7:22  Probe  
  85  7:28  High Templar x4  
  87  7:31  Zealot  
  87  7:33  Archon  
  87  7:34  Archon x2  
  89  7:40  Zealot  
  91  7:47  Pylon  
  91  7:48  Pylon  
  91  7:56  Zealot, High Templar x2  
  97  8:00  Archon  
  97  8:02  Zealot x2  
  101  8:06  Zealot x3  
  107  8:13  Pylon  
  107  8:14  Pylon  
  107  8:16  Pylon x2  
  107  8:20  Pylon  
  107  8:21  Pylon  
  98  8:28  Zealot x7  
  99  8:36  Zealot  
  59  8:49  Zealot x6  
Show
View Real Time Build Order
Export as new Build Order

Hellraiser Protoss - Winner!

Build Orders: Phoenix Opening, Zealot Archon 

Get SALT Encoding   

  12  0:00  Probe  
  13  0:12  Probe  
  14  0:17  Pylon  
  14  0:22  Probe  
  15  0:31  Probe  
  15  0:37  Gateway  
  15  0:41  Probe  
  16  0:45  Assimilator  
  17  0:53  Probe  
  17  0:55  Assimilator  
  18  1:01  Probe  
  18  1:09  Probe  
  18  1:10  Gateway  
  20  1:21  Probe  
  20  1:23  Cybernetics Core  
  21  1:30  Pylon  
  21  1:34  Probe  
  22  1:46  Probe  
  23  1:58  Warp Gate, Probe  
  23  2:00  Sentry, Stalker  
  28  2:04  Pylon  
  28  2:10  Probe  
  29  2:32  Nexus  
  29  2:33  Phoenix  
  29  2:39  Stalker  
  31  2:46  Pylon  
  31  2:49  Sentry  
  33  2:52  Probe  
  34  3:04  Shield Battery, Probe  
  35  3:10  Robotics Facility  
  35  3:16  Probe  
  36  3:25  Probe  
  36  3:26  Forge  
  36  3:33  Probe  
  37  3:40  Probe  
  38  3:41  Protoss Ground Weapons Level 1  
  38  3:42  Probe  
  38  3:48  Probe  
  40  3:50  Stalker  
  40  3:51  Stalker  
  40  3:54  Probe  
  46  3:58  Observer, Probe  
  48  4:08  Probe  
  49  4:10  Probe  
  50  4:17  Immortal  
  50  4:23  Pylon  
  55  4:27  Shield Battery  
  55  4:30  Probe x2  
  56  4:35  Stalker  
  56  4:37  Stalker  
  60  4:42  Probe x2  
  60  4:44  Pylon  
  62  4:49  Immortal  
  62  4:54  Probe x2  
  68  5:06  Probe  
  69  5:07  Twilight Council  
  69  5:12  Assimilator  
  69  5:13  Assimilator  
  69  5:15  Gateway  
  69  5:16  Gateway  
  69  5:18  Probe  
  70  5:27  Gateway  
  70  5:29  Gateway  
  70  5:37  Immortal  
  74  5:43  Charge  
  70  5:59  Templar Archives, Probe x2  
  72  6:05  Stalker  
  72  6:06  Zealot  
  76  6:12  Photon Cannon  
  76  6:13  Photon Cannon  
  76  6:15  Warp Prism  
  78  6:23  Gateway  
  78  6:30  Gateway  
  78  6:37  Pylon  
  78  6:38  Pylon  
  78  6:47  Nexus  
  78  6:55  Pylon  
  78  6:56  High Templar x4  
  78  6:57  Zealot  
  78  7:01  Archon x2, Zealot  
  90  7:09  Pylon  
  90  7:21  Zealot x3  
  94  7:26  Observer  
  92  7:34  High Templar x2  
  92  7:35  Zealot x3  
  102  7:38  Archon  
  102  7:42  Zealot x3  
  108  8:00  Pylon  
  108  8:03  High Templar  
  108  8:04  High Templar, Zealot x4  
  120  8:08  Archon  
  120  8:10  Zealot x2  
  124  8:14  Zealot  
  124  8:15  Zealot  
  116  8:33  Zealot x3  
  116  8:34  Zealot  
  104  8:38  Zealot  
  92  8:43  Zealot  
  92  8:44  Zealot x2  
Tags
 
Add a new tag
Caveats
  • Supply blocks, unpowered buildings, or Contaminate may cause inaccurate times.
  • Supply counts are checked every 10 seconds.